 Dungeon Crawl Stone Soup version 0.30-b1-2-g02819fbbbe (webtiles) character file.

Game seed: 4300238560637466441

21647 2tc the Destroyer (level 12, -6/86 HPs)
             Began as a Demonspawn Gladiator on Aug 19, 2023.
             Was an Elder of Vehumet.
             Mangled by a skeletal warrior
             ... wielding a +0 short sword
              (17 damage)
             ... on level 12 of the Dungeon.
             The game lasted 01:19:25 (13451 turns).

2tc the Destroyer (Demonspawn Gladiator)           Turns: 13451, Time: 01:19:26

Health: -6/86      AC:  9    Str: 15    XL:     12   Next: 56%
Magic:  19/19      EV: 19    Int: 21    God:    Vehumet [****..]
Gold:   203        SH:  0    Dex: 14    Spells: 8/21 levels left

rFire   . . .        a - +1 quarterstaff (elec)
rCold   . . .        (shield currently unavailable)
rNeg    . . .        E - +2 robe {Archmagi}
rPois   .            c - +0 helmet
rElec   .            p - scarf {+Inv}
rCorr   .            H - +0 pair of gloves
SInv    .            O - +0 pair of boots
Will    .....        k - amulet of regeneration
Stlth   +            i - +6 ring of intelligence
HPRegen 1.14/turn    m - +5 ring of evasion
MPRegen 0.16/turn

%: archmagi
@: no status effects
A: slimy green scales 1, spiny 3, demonic magic 2
a: Renounce Religion, Evoke Invisibility


You were on level 12 of the Dungeon.
You worshipped Vehumet.
Vehumet was greatly pleased with you.
You visited 3 branches of the dungeon, and saw 15 of its levels.

You collected 581 gold pieces.
You spent 378 gold pieces at shops.

Inventory:

Hand Weapons
 a - a +1 quarterstaff of electrocution (weapon)
 D - a +0 shortbow
 F - the +2 broad axe "Hydraslayer" {flame, rN+ Dex+3}
   (You took it off a centaur warrior on level 7 of the Dungeon)

   Dex:       It affects your dexterity (+3).
   rN:        It protects you from negative energy.
Missiles
 d - 6 throwing nets
 e - a javelin
 j - 60 stones
 w - a curare-tipped dart
 x - 17 poisoned darts (quivered)
 S - 5 boomerangs
Armour
 b - a +0 leather armour
 c - a +0 helmet (worn)
 f - a +2 robe of willpower
 p - a scarf of invisibility (worn)
 u - a +2 robe of cold resistance
 v - the +4 ring mail "Rynkait" {rC+ Str+4}
   (You found it on level 4 of the Dungeon)

   Str:       It affects your strength (+4).
   rC:        It protects you from cold.
 E - a +2 robe of the Archmagi (worn)
 H - a +0 pair of gloves (worn)
 I - +1 steam dragon scales
 O - a +0 pair of boots (worn)
 P - a +2 robe of positive energy
Magical Staves
 h - a staff of earth
 R - a staff of fire
Jewellery
 i - a +6 ring of intelligence (left hand)
 k - an amulet of regeneration (around neck)
 l - a ring of flight
 m - a +5 ring of evasion (right hand)
 n - a ring of resist corrosion
 q - a ring of ice
 r - a ring of ice
 y - an amulet of guardian spirit
 K - a ring of fire
Wands
 t - a wand of polymorph (1)
 G - a wand of digging (4)
 J - a wand of charming (11)
Scrolls
 o - 3 scrolls of enchant weapon
 N - 2 scrolls of enchant armour
Potions
 g - a potion of cancellation
 s - 2 potions of curing
 z - a potion of flight
 A - 2 potions of brilliance
 B - 2 potions of mutation
 Q - a potion of might


   Skills:
 - Level 5.0 Fighting
 - Level 12.1 Staves
 - Level 1.7 Throwing
 - Level 5.0 Dodging
 - Level 5.0 Spellcasting
 * Level 13.1 Conjurations
 - Level 3.0 Hexes
 - Level 1.1 Fire Magic
 - Level 5.0 Evocations


You had 8 spell levels left.
You knew the following spells:

 Your Spells              Type           Power      Damage    Failure   Level
a - Dazzling Flash        Conj/Hex       100%       N/A       1%          3
b - Hailstorm             Conj/Ice       49%        3d11      1%          3
c - Orb of Destruction    Conj           37%        9d11      11%         7

Your spell library contained the following spells:

 Spells                   Type           Power      Damage    Failure   Level
 Inner Flame              Hex/Fire       20%        N/A       4%          3
 Iskenderun's Mystic Bla  Conj/Tloc      49%        2d11      2%          4
 Irradiate                Conj/Tmut      24%        3d19      5%          5
 Volatile Blastmotes      Fire/Tloc      22%        2d11      7%          3
 Tukima's Dance           Hex            26%        N/A       10%         3
 Cigotuvi's Dreadful Rot  Necr/Pois/Air  14%        N/A       16%         2
 Portal Projectile        Hex/Tloc       34%        N/A       17%         3
 Summon Guardian Golem    Hex/Summ       17%        N/A       17%         3
 Starburst                Conj/Fire      26%        6d8       22%         6
 Dispel Undead            Necr           7%         3d8       71%         4
 Ice Form                 Ice/Tmut       7%         N/A       71%         4
 Spellforged Servitor     Conj/Summ      24%        N/A       80%         7
 Summon Mana Viper        Hex/Summ       17%        N/A       85%         5
 Blade Hands              Tmut           3%         N/A       96%         5
 Summon Forest            Summ/Tloc      3%         N/A       96%         5
 Death Channel            Necr           3%         N/A       100%        6
 Simulacrum               Ice/Necr       3%         N/A       100%        6
 Summon Cactus Giant      Summ           3%         N/A       100%        6
 Dragon Form              Tmut           3%         N/A       100%        7


Dungeon Overview and Level Annotations

Branches:
Dungeon (12/15)            Temple (1/1) D:7            Lair (2/5) D:8
    Orc (0/2) D:11
  Swamp: Lair:2-3    Shoals: Lair:2-3     Snake: Lair:2-3    Spider: Lair:2-3

Altars:
Ashenzari
Cheibriados
Dithmenos
Fedhas
Gozag
Hepliaklqana
Kikubaaqudgha
Makhleb
Nemelex Xobeh
Okawaru
Qazlal
Ru
Sif Muna
Trog
Uskayaw
Vehumet
Wu Jian
Xom
Yredelemnul

Shops:
D:6 *   D:9 ?

Annotations:
D:3 1 runed translucent door, rikstar's ghost, amateur MiGl
D:11 exclusions: manticore, orange crystal statue and 1 more exclusion


Innate Abilities, Weirdness & Mutations

You are partially covered in slimy green scales. (AC +2)
You are completely covered in sharp spines.
Spells you cast may paralyse nearby enemies.


Message History

You hit the skeletal warrior but do no damage.
Lightning courses through the skeletal warrior!
The skeletal warrior is heavily damaged.
You hit the skeletal warrior but do no damage.
The skeletal warrior is heavily damaged.
The skeletal warrior hits you with a +0 short sword!!
You closely miss the skeletal warrior.
The skeletal warrior is heavily damaged.
The skeletal warrior hits you with a +0 short sword!!
You hit the skeletal warrior but do no damage.
The skeletal warrior is heavily damaged.
Okay, then.
You closely miss the skeletal warrior.
The skeletal warrior is heavily damaged.
The skeletal warrior hits you with a +0 short sword!
You hit the skeletal warrior.
The skeletal warrior is heavily damaged.
The skeletal warrior hits you but does no damage.
Okay, then.
Okay, then.
You hit the skeletal warrior.
The skeletal warrior is heavily damaged.
The skeletal warrior hits you with a +0 short sword!
* * * LOW HITPOINT WARNING * * *
You completely miss the skeletal warrior.
The skeletal warrior is heavily damaged.
You hit the skeletal warrior but do no damage.
The skeletal warrior is heavily damaged.
The skeletal warrior hits you with a +0 short sword!
* * * LOW HITPOINT WARNING * * *
You hit the skeletal warrior but do no damage.
The skeletal warrior is heavily damaged.
The skeletal warrior is struck by your spines.
The skeletal warrior completely misses you.
You hit the skeletal warrior but do no damage.
The skeletal warrior is severely damaged.
You hit the skeletal warrior.
The skeletal warrior is severely damaged.
The skeletal warrior hits you with a +0 short sword!
You die...

....)#.###.##).)###.)........
######..#.####...#.##.#######
#.#.## #..#.###.# #.###
#..#####.# ...
#..##........... ####
#..#.....######. #..#..####
#..#.$##### #..@z...?..
##.#..##### ...#..#####
#####..#...# #..#...#####.#
#............# #.>......#####
##.....<.# ###...###


You could see a skeletal warrior.

Vanquished Creatures
  Fannar (D:10)
  A centaur warrior (D:7)
  A boulder beetle (Lair:1)
  5 two-headed ogres
  4 skeletal warriors (D:12)
  An elephant (Lair:1)
  2 manticores
  2 black mambas (Lair:1)
  Maggie (D:8)
  A gargoyle (D:10)
  2 unseen horrors
  A rime drake (Lair:1)
  3 komodo dragons
  A troll (D:7)
  2 polar bears
  A slime creature (D:7)
  A wyvern (Lair:1)
  A fire bat (D:11)
  15 yaks
  3 steam dragons (D:8)
  A vampire mosquito (D:12)
  3 wargs (D:8)
  Duvessa (D:6)
  2 acid dragons
  4 water moccasins
  6 orc warriors
  A sky beast (D:7)
  2 ice beasts (D:7)
  3 ogres
  A black bear (D:6)
  3 centaurs
  2 kobold brigands
  2 phantoms (D:5)
  3 gnoll sergeants
  10 bullfrogs
  7 scorpions
  15 wights
  Dowan (D:6)
  4 killer bees (D:9)
  3 howler monkeys
  4 jellies
  8 orc priests
  6 hounds
  A gnoll bouda (D:7)
  3 iguanas
  6 hell rats (Lair:1)
  13 orc wizards
  8 adders
  18 gnolls
  3 white imps
  2 worms (D:3)
  2 dart slugs
  50 orcs
  8 ball pythons
  3 bats
  7 endoplasms
  3 giant cockroaches
  6 goblins
  7 hobgoblins
  5 jackals
  8 quokkas
  5 frilled lizards
  8 kobolds
307 creatures vanquished.

Vanquished Creatures (collateral kills)
  2 elephants (Lair:1)
2 creatures vanquished.

Vanquished Creatures (others)
  A vampire mosquito (D:12)
  An orc wizard (D:8)
  A gnoll (D:6)
  An orc (D:8)
  3 fungi (Lair:1)
  56 plants
63 creatures vanquished.

Grand Total: 372 creatures vanquished

Notes
Turn   | Place    | Note
-------+----------+-------------------------------------------
     0 | D:1      | 2tc the Demonspawn Gladiator began the quest for the Orb.
     0 | D:1      | Reached XP level 1. HP: 16/16 MP: 1/1
   160 | D:1      | Gained mutation: You are partially covered in slimy green
                  | scales. (AC +2) [demonic ancestry]
   160 | D:1      | Reached XP level 2. HP: 22/22 MP: 2/2
   729 | D:2      | Gained mutation: Spells you cast may paralyse adjacent
                  | enemies. [demonic ancestry]
   729 | D:2      | Reached XP level 3. HP: 25/27 MP: 3/3
   756 | D:2      | Found an iron altar of Okawaru.
  1196 | D:2      | Found a faded altar of an unknown god.
  1329 | D:2      | Gained mutation: Spells you cast may paralyse nearby
                  | enemies. [demonic ancestry]
  1329 | D:2      | Reached XP level 4. HP: 21/33 MP: 4/4
  1492 | D:3      | Found a runed translucent door.
  1492 | D:3      | Noticed rikstar's ghost (amateur MiGl)
  1756 | D:3      | Reached skill level 5 in Staves
  1781 | D:3      | Reached XP level 5. HP: 32/38 MP: 5/5
  2127 | D:4      | Identified the +4 ring mail "Rynkait" {rC+ Str+4}
  2336 | D:4      | Noticed an ogre
  2343 | D:4      | Killed an ogre
  2344 | D:4      | Gained mutation: You are partially covered in sharp spines.
                  | [demonic ancestry]
  2344 | D:4      | Reached XP level 6. HP: 44/44 MP: 6/6
  2394 | D:4      | Found an ancient bone altar of Kikubaaqudgha.
  2395 | D:4      | Found an opulent altar of Gozag.
  2395 | D:4      | Found a broken altar of Ashenzari.
  2396 | D:4      | Found an ornate altar of the Wu Jian Council.
  2935 | D:5      | Entered Level 5 of the Dungeon
  2956 | D:5      | Noticed an orc warrior
  3136 | D:5      | Noticed a water moccasin
  3141 | D:5      | Killed a water moccasin
  3142 | D:5      | Gained mutation: You are mostly covered in sharp spines.
                  | [demonic ancestry]
  3142 | D:5      | Reached XP level 7. HP: 45/50 MP: 7/7
  3341 | D:5      | Reached XP level 8. HP: 56/56 MP: 8/8
  3626 | D:5      | Found a snail-covered altar of Cheibriados.
  3636 | D:5      | Found a blossoming altar of Fedhas.
  3684 | D:5      | Reached skill level 10 in Staves
  4031 | D:6      | Noticed Duvessa
  4031 | D:6      | Noticed Dowan
  4142 | D:6      | Found Latatol's Elemental Accessories.
  4301 | D:6      | Killed Duvessa
  4302 | D:6      | Reached XP level 9. HP: 43/61 MP: 9/9
  4302 | D:6      | Killed Dowan
  4592 | D:6      | Reached skill level 1 in Evocations
  4973 | D:6      | Found a sacrificial altar of Ru.
  5511 | D:7      | Found a staircase to the Ecumenical Temple.
  5523 | Temple   | Entered the Ecumenical Temple
  5536 | Temple   | Became a worshipper of Vehumet
  6068 | D:7      | Reached skill level 5 in Evocations
  6126 | D:7      | Noticed a boulder beetle
  6126 | D:7      | Noticed a troll
  6370 | D:7      | Reached * piety under Vehumet
  6370 | D:7      | Offered knowledge of Shock by Vehumet.
  6375 | D:7      | Learned a level 3 spell: Dazzling Flash
  6447 | D:7      | Reached skill level 1 in Conjurations
  6779 | D:7      | Identified the +2 broad axe "Hydraslayer" {flame, rN+
                  | Dex+3}
  6779 | D:7      | Noticed a centaur warrior
  6793 | D:7      | Reached skill level 2 in Conjurations
  6793 | D:7      | Gained mutation: You are completely covered in sharp
                  | spines. [demonic ancestry]
  6793 | D:7      | Reached XP level 10. HP: 5/67 MP: 10/10
  6793 | D:7      | Killed a centaur warrior
  6794 | D:7      | Reached skill level 3 in Conjurations
  6794 | D:7      | Noticed a manticore
  6873 | D:7      | Reached skill level 4 in Conjurations
  6873 | D:7      | Killed a manticore
  6874 | D:7      | Reached skill level 5 in Dodging
  7135 | D:8      | Reached skill level 5 in Conjurations
  7142 | D:7      | Found a bloodstained altar of Trog.
  7142 | D:7      | Found a shadowy altar of Dithmenos.
  7328 | D:8      | Reached skill level 6 in Conjurations
  7434 | D:8      | Found a staircase to the Lair.
  7457 | D:8      | Noticed a two-headed ogre
  7472 | D:8      | Reached skill level 7 in Conjurations
  7473 | D:8      | Killed a two-headed ogre
  7474 | D:8      | Reached skill level 8 in Conjurations
  7613 | D:8      | Reached ** piety under Vehumet
  7613 | D:8      | Offered knowledge of Sandblast by Vehumet.
  7722 | D:8      | Reached skill level 1 in Hexes
  7916 | D:8      | Noticed Maggie
  7920 | D:8      | Killed Maggie
  8023 | D:9      | Noticed a two-headed ogre
  8038 | D:9      | Killed a two-headed ogre
  8039 | D:9      | Reached skill level 1 in Spellcasting
  8039 | D:9      | Reached XP level 11. HP: 72/72 MP: 11/13
  8109 | D:9      | Found Piqixof's Magic Scroll Emporium.
  8119 | D:9      | Bought a scroll of identify for 26 gold pieces
  8119 | D:9      | Bought a scroll of identify for 26 gold pieces
  8119 | D:9      | Bought a scroll of identify for 26 gold pieces
  8252 | D:9      | Noticed a two-headed ogre
  8256 | D:9      | Killed a two-headed ogre
  8368 | D:9      | Learned a level 3 spell: Hailstorm
  8392 | D:9      | Reached skill level 9 in Conjurations
  8420 | D:9      | Offered knowledge of Scorch by Vehumet.
  8621 | D:9      | Found a shimmering blue altar of Sif Muna.
  8742 | D:10     | Entered Level 10 of the Dungeon
  8810 | D:10     | Noticed Fannar
  9217 | D:10     | Reached *** piety under Vehumet
  9347 | D:10     | Killed Fannar
  9348 | D:10     | Reached skill level 10 in Conjurations
 10117 | D:11     | Found a staircase to the Orcish Mines.
 10277 | D:11     | Noticed an orange crystal statue
 10397 | D:11     | Noticed a two-headed ogre
 10484 | D:11     | Noticed a two-headed ogre
 10501 | D:11     | Killed a two-headed ogre
 10502 | D:11     | Reached skill level 11 in Conjurations
 10557 | D:11     | Noticed a two-headed ogre
 10576 | D:11     | Killed a two-headed ogre
 10729 | D:11     | Noticed Erolcha
 10759 | D:11     | Erolcha changed into Erolcha the fire bat
 10759 | D:11     | Noticed Erolcha
 10762 | D:11     | Killed Erolcha the fire bat
 10991 | D:11     | Offered knowledge of Ignite Poison by Vehumet.
 11086 | D:12     | Noticed a two-headed ogre
 11205 | D:12     | Noticed a skeletal warrior
 11263 | D:8      | Reached skill level 12 in Conjurations
 11356 | D:6      | Bought a staff of fire for 300 gold pieces
 11417 | Lair:1   | Entered Level 1 of the Lair of Beasts
 11709 | Lair:1   | Reached XP level 12. HP: 20/83 MP: 2/16
 11923 | Lair:1   | Reached skill level 5 in Fighting
 12061 | Lair:1   | Noticed a boulder beetle
 12244 | Lair:1   | Reached skill level 1 in Fire Magic
 12354 | Lair:1   | Killed a boulder beetle
 12666 | Lair:2   | Noticed a seven-headed hydra
 12820 | Lair:2   | Reached **** piety under Vehumet
 12926 | Lair:2   | Noticed an eight-headed hydra
 13113 | D:12     | Reached skill level 5 in Spellcasting
 13121 | D:12     | Learned a level 7 spell: Orb of Destruction
 13186 | D:12     | Noticed Nessos
 13208 | D:12     | Nessos changed into Nessos the polar bear
 13208 | D:12     | Noticed Nessos
 13212 | D:12     | Killed Nessos the polar bear
 13360 | D:12     | Offered knowledge of Inner Flame by Vehumet.
 13361 | D:12     | Reached skill level 13 in Conjurations
 13451 | D:12     | Mangled by a skeletal warrior

Illustrated notes

Levels and vault maps discovered:
D:1:      lemuel_arrival_lava_pool, layout_basic
D:2:      layout_rooms, basic_altar, hellmonk_ecumenical_altar_leap_of_faith,
          st_stairs_3, reono_crystal_passage
D:3:      layout_rooms, mainiacjoe_overflow_boulevard, serial_glass,
          glass_columns_a, glass_columns_a, glass_columns_b, glass_columns_a,
          ebering_ghost_sewer_d
D:4:      minmay_opposing_rooms, layout_loops_ring, grunt_temple_overflow_open
D:5:      layout_gridville, amethyst_overflow_temple_binary,
          cheibrodos_gnoll_hut
D:6:      layout_layer_cave, kennysheep_mini_moat, minivault_1,
          nicolae_elemental_shop, uniq_duvessa
D:7:      nzn_winding_woodlands_cross [nzn_winding_woodlands_5x15_twine,
          nzn_winding_woodlands_5x15_garden,
          nzn_winding_woodlands_5x15_river_crossing,
          nzn_winding_woodlands_5x15_jagged,
          nzn_winding_woodlands_15x15_thick_spiral], layout_loops_ring,
          nicolae_overflow_hidden_temple, temple_hall
D:8:      kennysheep_ambush_hall, layout_basic,
          mainiacjoe_overflow_six_doors_small, erik_lair_orcish_takeover,
          uniq_maggie
D:9:      layout_roguey, led_sif_pool, serial_shops, shop
D:10:     layout_loops_corners, uniq_fannar
D:11:     layout_grid_maze, minmay_orc_entry_temple_small,
          minmay_protected_statue, uniq_erolcha
D:12:     layout_loops_ring, uniq_nessos
Temple:   hellmonk_temple_rainy
Lair:1:   layout_roguey, grunt_megastairs_1, serial_bayou_shore_a
Lair:2:   layout_misc_corridors, spider_nest_entry_a,
          nicolae_lair_grazing_beasts [nicolae_sub_lair_graze_edge,
          nicolae_sub_lair_graze_edge, nicolae_sub_lair_graze_edge,
          nicolae_sub_lair_graze_edge]

Skill      XL: |  1  2  3  4  5  6  7  8  9 10 11 12 |
---------------+-------------------------------------+-----
Staves         | 3 4 5 6 7 9 11 12 | 12.1
Evocations     | 5 |  5.0
Dodging        | 4 5 |  5.0
Conjurations   | 2 8 12 13 | 13.1
Hexes          | 3 |  3.0
Spellcasting   | 1 3 5 |  5.0
Fighting       | 4 5 |  5.0
Fire Magic     | 1 |  1.1
Throwing       | |  1.7

Action                     |  1- 3 |  4- 6 |  7- 9 | 10-12 || total
---------------------------+-------+-------+-------+-------++-------
  Melee: Quarterstaff      |    65 |       |       |   109 ||   174
         Staff             |   103 |   298 |   480 |   691 ||  1572
         Punch             |     1 |     3 |     9 |     8 ||    21
  Throw: Stone             |       |     1 |    18 |       ||    19
         Dart              |       |       |       |     8 ||     8
   Cast: Dazzling Flash    |       |       |       |    78 ||    78
         Hailstorm         |       |       |       |    32 ||    32
  Evoke: Wand              |       |     8 |    16 |    17 ||    41
    Use: Scroll            |     9 |     6 |     3 |    16 ||    34
         Potion            |       |       |     8 |    11 ||    19
   Stab: Sleeping          |     1 |     1 |     3 |     2 ||     7
         Paralysed         |       |       |       |   141 ||   141
         Invisible         |       |       |       |    40 ||    40
         Distracted        |       |       |       |     1 ||     1
 Armour: Leather armour    |    65 |    51 |    35 |       ||   151
         Robe              |       |       |    15 |    90 ||   105
         Skin              |       |       |       |    26 ||    26
  Dodge: Dodged            |   118 |   196 |   229 |   431 ||   974
